 Dungeon Crawl Stone Soup version 0.28.0 (webtiles) character file.

Game seed: 8266549416609623060

14 SomeFlowers the Grasshopper (level 2, -2/22 HPs)
             Began as a Human Warper on Feb 9, 2022.
             Was a Follower of Kikubaaqudgha.
             Killed from afar by a dart slug (3 damage)
             ... with a slug dart
             ... on level 2 of the Dungeon.
             The game lasted 00:02:30 (631 turns).

SomeFlowers the Grasshopper (Human Warper)           Turns: 631, Time: 00:02:31

Health: -2/22      AC:  3    Str: 11    XL:     2   Next: 55%
Magic:  4/5        EV: 11    Int: 13    God:    Kikubaaqudgha [*.....]
Gold:   25         SH:  0    Dex: 12    Spells: 2/5 levels left

rFire   . . .      SeeInvis .   a - +0 spear
rCold   . . .      Faith    .   (no shield)
rNeg    . . .      Spirit   .   b - +0 leather armour
rPois   .          Reflect  .   (no helmet)
rElec   .          Harm     .   (no cloak)
rCorr   .          Rampage  .   (no gloves)
Will    .....                   (no boots)
Stlth   +.........              (no amulet)
HPRegen 0.07/turn               (no ring)
MPRegen 0.09/turn               (no ring)

@: no status effects
A: no striking features
a: Renounce Religion, Receive Corpses


You were on level 2 of the Dungeon.
You worshipped Kikubaaqudgha.
Kikubaaqudgha was aware of your devotion.
You visited 1 branch of the dungeon, and saw 2 of its levels.

You collected 25 gold pieces.

Inventory:

Hand Weapons
 a - a +0 spear (weapon)
Missiles
 d - 10 boomerangs of dispersal (quivered)
Armour
 b - a +0 leather armour (worn)
 e - a +0 chain mail
Scrolls
 f - a scroll of fog {unknown}
 g - a scroll of teleportation {unknown}
 h - a scroll of enchant weapon {unknown}
 i - a scroll of identify {unknown}


   Skills:
 - Level 2.0 Fighting
 - Level 2.0 Polearms
 - Level 1.0 Throwing
 * Level 2.3 Armour
 - Level 2.0 Dodging
 - Level 2.0 Spellcasting
 - Level 3.0 Translocations


You had 2 spell levels left.
You knew the following spells:

 Your Spells              Type           Power      Damage    Failure   Level
a - Blink                 Tloc           18%        N/A       14%         2
b - Animate Skeleton      Necr           2%         N/A       32%         1

Your spell library contained the following spells:

 Spells                   Type           Power      Damage    Failure   Level
 Shock                    Conj/Air       4%         1d3       32%         1
 Sublimation of Blood     Necr           1%         N/A       45%         2
 Gell's Gravitas          Tloc           9%         N/A       28%         3
 Lesser Beckoning         Tloc           9%         N/A       28%         3
 Teleport Other           Tloc           9%         N/A       28%         3
 Vampiric Draining        Necr           1%         2d6       69%         3
 Manifold Assault         Tloc           9%         N/A       95%         5
 Agony                    Necr           1%         N/A       100%        5


Dungeon Overview and Level Annotations

Branches:
Dungeon (2/15)

Altars:
Kikubaaqudgha


Message History

* * * LOW HITPOINT WARNING * * *
You hit the giant cockroach.
The giant cockroach is lightly wounded.
The giant cockroach bites you.
* * * LOW HITPOINT WARNING * * *
Your quokka skeleton bites the dart slug.
You hit the giant cockroach but do no damage.
The giant cockroach is lightly wounded.
The giant cockroach bites you.
* * * LOW HITPOINT WARNING * * *
The giant cockroach closely misses you.
Your quokka skeleton barely misses the dart slug.
You barely miss the giant cockroach.
The giant cockroach is lightly wounded.
The giant cockroach completely misses you.
Your quokka skeleton bites the dart slug.
Found 8 arrows.
Your quokka skeleton bites the dart slug but does no damage.
Throw: 11 boomerangs (disperse)
Press: ? - help, Q - select action, (/) - cycle Shift-Dir - straight line, f - giant cockroach
Aim: a giant cockroach (lightly wounded, 57% to hit)
You throw a boomerang of dispersal.
The boomerang of dispersal hits the giant cockroach.
The giant cockroach blinks!
The giant cockroach is almost dead.
The dart slug briefly extends its eye-stalks.
The dart slug launches a dart at you. The slug dart hits you.
* * * LOW HITPOINT WARNING * * *
Your quokka skeleton bites the dart slug.
Unknown command.
Throw: 10 boomerangs (disperse)
Press: ? - help, Q - select action, (/) - cycle Shift-Dir - straight line, f/p - giant cockroach
Aim: a giant cockroach (almost dead, 57% to hit)
Okay, then.
Found a ring mail.
The dart slug launches a dart at you. The slug dart hits you.
You die...
Kikubaaqudgha rasps: "You have failed me!
Welcome... death!"

#.### ##
##....
.#
>....#[#
#.ZB.#
#w# #.#
#ยง##
#..#
##@# #.#
...
##.##
#.# #.#
#(. #.[


You could see a dart slug (ally target), a giant cockroach and a friendly quokka
skeleton.

Vanquished Creatures
  An endoplasm (D:1)
  2 giant cockroaches (D:1)
  2 hobgoblins (D:1)
  A quokka (D:2)
  A bat (D:1)
  A frilled lizard (D:1)
  3 goblins (D:1)
  A rat (D:1)
12 creatures vanquished.

Vanquished Creatures (others)
  A fungus (D:1)
  A plant (D:1)
2 creatures vanquished.

Grand Total: 14 creatures vanquished

Notes
Turn   | Place    | Note
-------+----------+-------------------------------------------
     0 | D:1      | SomeFlowers the Human Warper began the quest for the Orb.
     0 | D:1      | Reached XP level 1. HP: 16/16 MP: 3/3
    71 | D:1      | Reached XP level 2. HP: 7/22 MP: 5/5
   392 | D:1      | Found a faded altar of an unknown god.
   423 | D:1      | Learned a level 2 spell: Blink
   483 | D:1      | Got Plato's Guide on the Birds
   488 | D:1      | Prayed at the altar of an unknown god.
   488 | D:1      | Became a worshipper of Kikubaaqudgha
   488 | D:1      | Reached * piety under Kikubaaqudgha
   488 | D:1      | Received a gift from Kikubaaqudgha
   505 | D:1      | Learned a level 1 spell: Animate Skeleton
   630 | D:2      | HP: 1/22 [dart slug/slug dart (1)]
   631 | D:2      | Killed from afar by a dart slug

Illustrated notes

Levels and vault maps discovered:
D:1:      heliophobic_arrival_dark_side_of_the_moon, layout_loops_ring,
          shapermc_ecumenical_altar_rom_forum, minmay_hexomino_p4
D:2:      layout_loops_ring, minivault_4, serial_bayou_lagoon_a,
          minmay_tiny_reverse_x, uniq_sigmund, uniq_jessica

Skill      XL: |  1  2 |
---------------+-------+-----
Armour         | 2 |  2.3
Fighting       | |  2.0
Polearms       | |  2.0
Throwing       | |  1.0
Dodging        | |  2.0
Spellcasting   | |  2.0
Translocations | |  3.0

Action                   || total
-------------------------++-------
Melee: Spear             ||    74
       Punch             ||     1
Throw: Boomerang         ||     1
 Cast: Animate Skeleton  ||     1
  Use: Scroll            ||     1
Armor: Leather armour    ||    24
Dodge: Dodged            ||    55
